 Dungeon Crawl Stone Soup version 0.25-a0-774-g40ae2d4f90 (webtiles) character file.

Game seed: 10756806779884683183, levelgen mode: classic

17058 EnegeticOcto the Cleaver (level 12, -20/110 HPs)
             Began as a Deep Dwarf Fighter on Apr 14, 2020.
             Was the Champion of Okawaru.
             Demolished by an eight-headed hydra simulacrum (27 damage)
             ... in an ice cave.
             The game lasted 00:17:42 (2118 turns).

EnegeticOcto the Cleaver (Deep Dwarf Fighter)       Turns: 2118, Time: 00:17:42

Health: -20/110    AC: 12    Str: 24    XL:     12   Next: 15%
Magic:  16/18 (9)  EV: 13    Int: 10    God:    Okawaru [******]
Gold:   215        SH: 15    Dex: 17    Spells: 11/11 levels left

rFire    . . .     SeeInvis +   p - +3 broad axe (flame)
rCold    . . .     Gourm    .   c - +0 kite shield
rNeg     . . .     Faith    .   b - +0 scale mail
rPois    +         Spirit   .   (no helmet)
rElec    .         Reflect  .   l - +0 cloak of the Soldier {MR+ Dex+2 Slay+3}
rCorr    .         Harm     .   y - +2 pair of gloves {Dex+3}
MR       +++..                  (no boots)
Stlth    ++........             (no amulet)
HPRegen  0.00/turn              m - ring of the Republic {+Fly rPois MR+ MP+9}
MPRegen  0.16/turn              C - ring of see invisible

@: heroism, non-regenerating
A: damage resistance, heal wounds, sense surroundings 2, no regeneration
a: Heal Wounds, Heroism, Finesse, Renounce Religion, Evoke Flight


You were in an ice cave.
You worshipped Okawaru.
Okawaru was exalted by your worship.
You were not hungry.

You visited 3 branches of the dungeon, and saw 15 of its levels.
You also visited: Ice Cave.

You collected 215 gold pieces.

Inventory:

Hand Weapons
 p - a +3 broad axe of flaming (weapon)
 w - a +2 battleaxe of electrocution
 D - the +2 broad axe "Nosoj" {flame, rElec rPois Int+4 SInv}
   (Okawaru gifted it to you in an ice cave)

   It has been specially enchanted to burn those struck by it, causing extra
   injury to most foes and up to half again as much damage against particularly
   susceptible opponents.
   Big, fiery blades are also staple armaments of hydra-hunters.
   It affects your intelligence (+4).
   It insulates you from electricity.
   It protects you from poison.
   It lets you see invisible.
Missiles
 k - 22 poisoned darts (quivered)
 s - 6 throwing nets {!f}
 B - 12 silver javelins
Armour
 b - a +0 scale mail (worn)
 c - a +0 kite shield (worn)
 l - the +0 cloak of the Soldier (worn) {MR+ Dex+2 Slay+3}
   (You found it on level 7 of the Dungeon)

   It affects your dexterity (+2).
   It affects your accuracy and damage with ranged weapons and melee attacks
   (+3).
   It affects your resistance to hostile enchantments.
 y - a +2 pair of gloves of dexterity (worn)
Jewellery
 m - the ring of the Republic (left hand) {+Fly rPois MR+ MP+9}
   (You found it on level 7 of the Dungeon)

   [ring of flight]

   It protects you from poison.
   It affects your resistance to hostile enchantments.
   It affects your magic capacity (+9).
   It lets you fly.
 o - an uncursed ring of magical power
 C - a ring of see invisible (right hand)
Wands
 r - a wand of digging (7) {@v3}
 x - a wand of acid (6) {@v1}
 z - a wand of iceblast (7) {@v2}
Scrolls
 A - a scroll of teleportation {@r3 !r}
 E - a scroll of immolation {unknown}
Potions
 a - a potion of haste {unknown}
 d - 3 potions of might {@q3 !q}
 g - a potion of degeneration
 h - a potion of brilliance
 i - a potion of ambrosia
 j - 4 potions of curing {@q1 !q}
 n - a potion of resistance
 q - 2 potions of heal wounds {unknown}
 t - 2 potions of lignification {@q6}
 u - a potion of cancellation {unknown}
 v - a potion of invisibility {unknown}
Miscellaneous
 f - 3 tins of tremorstones
Comestibles
 e - 5 rations


   Skills:
 - Level 8.1(13.1) Fighting
 - Level 13.0(18.0) Axes
 - Level 3.2(8.2) Armour
 - Level 10.0(15.0) Shields
 - Level 8.0 Invocations
 + Level 11.3 Evocations


You had 11 spell levels left.
You didn't know any spells.
Your spell library contained the following spells:

 Spells                   Type           Power        Failure   Level  Hunger
 Magic Dart               Conj           #...         63%         1    ##.....
 Blink                    Tloc           N/A          77%         2    ###....
 Call Imp                 Summ           #.......     77%         2    ###....
 Slow                     Hex            #.......     77%         2    ###....
 Conjure Flame            Conj/Fire      #.......     94%         3    ####...
 Mephitic Cloud           Conj/Pois/Air  #.......     94%         3    ####...


Dungeon Overview and Level Annotations

Branches:
Dungeon (10/15)            Temple (0/1) D:4            Lair (3/6) D:10
 Shoals (2/4) Lair:3          Orc (0/2) D:9           IceCv (1/1)
  Snake: Lair:2-4    Spider: Lair:2-4

Altars:
Hepliaklqana
Okawaru
Sif Muna
Trog

Shops:
D:7 =


Innate Abilities, Weirdness & Mutations

You are resistant to damage.
You can heal yourself by infusing magical energy.
You passively map the area around you.
You do not regenerate.


Message History

A death yak simulacrum comes into view.
You slash the ogre simulacrum!
You melt the ogre simulacrum.
The ogre simulacrum is heavily damaged.
You slice the ogre simulacrum!!
You melt the ogre simulacrum.
The ogre simulacrum vapourises!
Okawaru accepts your kill.
You hit the death yak simulacrum.
You melt the death yak simulacrum.
The death yak simulacrum is lightly damaged.
You slice the death yak simulacrum!!
You melt the death yak simulacrum.
The death yak simulacrum is heavily damaged.
The death yak simulacrum gores you! The death yak simulacrum freezes you!!
You slice the death yak simulacrum!!
You melt the death yak simulacrum!
The death yak simulacrum vapourises!
Okawaru accepts your kill.
You feel much better.
You feel much better.
An ice devil comes into view. 2 ice devils come into view.
You slash the ice devil! You burn the ice devil!
The ice devil is severely wounded.
You block the ice devil's attack.
You slice the ice devil!! You burn the ice devil!
You kill the ice devil!
Okawaru accepts your kill. You block the ice devil's attack.
You slash the ice devil! You burn the ice devil!
The ice devil is heavily wounded.
The ice devil misses you.
You slice the ice devil!! You burn the ice devil!
You kill the ice devil!
Okawaru accepts your kill. You block the ice devil's attack.
You hit the ice devil. You burn the ice devil.
The ice devil is lightly wounded.
The ice devil barely misses you.
You closely miss the ice devil.
The ice devil is lightly wounded.
You block the ice devil's attack.
You slash the ice devil! You burn the ice devil!
The ice devil is heavily wounded.
You slice the ice devil!! You burn the ice devil.
You kill the ice devil!
Okawaru accepts your kill.
Your Evocations skill increases to level 11!
Found 17 gold pieces.
Found 21 gold pieces.
You now have 194 gold pieces (gained 17).
You now have 215 gold pieces (gained 21).
You feel like a meek peon again.
You eat one of the 6 rations.
That ration really hit the spot!
A white imp and an ufetubus come into view.
The white imp shouts!
The ufetubus shouts!
A harpy simulacrum comes into view.
An eight-headed hydra simulacrum comes into view.
The white imp moves out of view. 2 simulacra come into view.
A harpy simulacrum comes into view.
You block the anaconda simulacrum's attack.
The anaconda simulacrum bites you but does no damage.
The harpy simulacrum moves out of view.
You slash the anaconda simulacrum!
You melt the anaconda simulacrum!
The anaconda simulacrum is severely damaged.
The anaconda simulacrum constricts you but does no damage.
The anaconda simulacrum bites you. The anaconda simulacrum freezes you!
You slice the white imp!! You burn the white imp.
You kill the white imp!
Okawaru accepts your kill.
You gain the combat prowess of a mighty hero.
You block the ufetubus's attack. The ufetubus barely misses you.
You block the ufetubus's attack. The ufetubus misses you.
You slice the ufetubus!! You burn the ufetubus.
You kill the ufetubus!
Okawaru accepts your kill.
You block the harpy simulacrum's attack. x2
You hit the harpy simulacrum.
You melt the harpy simulacrum.
The harpy simulacrum is lightly damaged.
You block the harpy simulacrum's attack. x2
You slice the harpy simulacrum!!
You melt the harpy simulacrum!
The harpy simulacrum vapourises!
Okawaru accepts your kill.
You block the harpy simulacrum's attack.
The harpy simulacrum claws you! The harpy simulacrum freezes you!
You slash the harpy simulacrum!
You melt the harpy simulacrum!
The harpy simulacrum vapourises!
Okawaru accepts your kill.
You slash the anaconda simulacrum!
You melt the anaconda simulacrum!
The anaconda simulacrum vapourises!
Okawaru accepts your kill.
An anaconda simulacrum comes into view.
You feel much better.
The eight-headed hydra simulacrum bites you.
The eight-headed hydra simulacrum freezes you!!
The eight-headed hydra simulacrum bites you.
* * * LOW HITPOINT WARNING * * *
The eight-headed hydra simulacrum freezes you!!
* * * LOW HITPOINT WARNING * * *
You block the eight-headed hydra simulacrum's attack.
The eight-headed hydra simulacrum bites you but does no damage.
The eight-headed hydra simulacrum bites you.
The eight-headed hydra simulacrum freezes you!!
You die...

*≈ * ≈ **
*, ,** , ,
* * ,,, ,
≈≈ , ≈ * ,
* ≈ * ** ≈≈
* , * ≈ *≈
### ≈ , *
≈≈ ≈ ##.#≈≈
, , * ≈
#..##* * **
##.@.# * *,
#..#Z# ,,*
* * * * ≈
##.##.Z. *
* , *#..#
#Z..#
*#.#####.##
* * *
#.##.#### ,
* #...#.#
,* #**##
##.##### ##
##. #.☼
#..##.#
..#.# ...


You could see an anaconda simulacrum, an eight-headed hydra simulacrum and an
iron troll simulacrum.

Vanquished Creatures
  A merfolk javelineer (Shoals:1)
  A merfolk impaler (Shoals:2)
  Harold (D:10)
  A merfolk aquamancer (Shoals:1)
  A two-headed ogre (D:10)
  A sea snake (Shoals:1)
  4 manticores
  2 fauns (Shoals:2)
  A black mamba (Lair:1)
  2 merfolk sirens
  Maggie (D:7)
  3 spiny frogs
  A rime drake (Lair:2)
  2 freezing wraiths (IceCv)
  An anaconda simulacrum (IceCv)
  5 ice devils (IceCv)
  6 merfolk
  A troll (D:9)
  A slime creature (D:7)
  2 hippogriffs
  2 water elementals (Shoals:1)
  A wyvern (D:7)
  4 yaks
  A death yak simulacrum (IceCv)
  A hungry ghost (D:10)
  2 harpy simulacra (IceCv)
  Menkaure (D:7)
  3 porcupines (D:10)
  A sky beast (D:8)
  3 black bears (D:10)
  A necrophage (D:7)
  A phantom (D:8)
  2 ogres (D:7)
  3 centaurs
  2 crocodiles (Lair:2)
  5 bullfrogs
  A wyvern zombie (D:7)
  A scorpion (D:10)
  4 killer bees (D:9)
  4 howler monkeys
  2 crimson imps
  A centaur zombie (D:5)
  2 jellies
  2 hounds (D:4)
  3 orc wizards (D:7)
  2 bullfrog skeletons (D:7)
  A centaur skeleton (D:6)
  2 orc priests
  2 iguanas
  A spriggan simulacrum (IceCv)
  2 worker ants (D:4)
  A troll simulacrum (IceCv)
  A wolf simulacrum (IceCv)
  A centaur simulacrum (IceCv)
  A hound skeleton (D:7)
  3 gnolls (D:8)
  7 adders
  An ogre simulacrum (IceCv)
  2 white imps (IceCv)
  2 ufetubi (IceCv)
  3 oozes
  2 dart slugs
  3 leopard geckos
  9 orcs
  A ball python (D:3)
  2 giant cockroaches
  2 hobgoblins (D:1)
  13 jackals
  2 quokkas (D:4)
  4 bats
  A frilled lizard (D:1)
  3 goblins
  5 kobolds
  3 fungi (D:10)
  4 plants (D:10)
177 creatures vanquished.

Vanquished Creatures (others)
  2 fungi (D:10)
  A plant (D:8)
3 creatures vanquished.

Grand Total: 180 creatures vanquished

Notes
Turn   | Place    | Note
-------+----------+-------------------------------------------
     0 | D:1      | EnegeticOcto the Deep Dwarf Fighter began the quest for the
                  | Orb.
     0 | D:1      | Reached XP level 1. HP: 20/20 MP: 1/1
    72 | D:1      | Reached skill level 3 in Axes
    72 | D:1      | Reached XP level 2. HP: 21/27 MP: 2/2
   165 | D:2      | Found an iron altar of Okawaru.
   170 | D:2      | Became a worshipper of Warmaster Okawaru
   226 | D:2      | Reached skill level 4 in Axes
   226 | D:2      | Reached XP level 3. HP: 20/33 MP: 3/3
   245 | D:2      | Found a shimmering blue altar of Sif Muna.
   251 | D:2      | Found a bloodstained altar of Trog.
   325 | D:2      | Reached XP level 4. HP: 39/40 MP: 4/4
   387 | D:3      | Reached skill level 1 in Invocations
   454 | D:4      | Found a staircase to the Ecumenical Temple.
   465 | D:4      | Reached skill level 5 in Axes
   468 | D:4      | Reached * piety under Okawaru
   468 | D:4      | Reached XP level 5. HP: 35/46 MP: 4/6
   564 | D:4      | Reached skill level 6 in Axes
   608 | D:4      | Reached XP level 6. HP: 55/55 MP: 7/7
   660 | D:5      | Entered Level 5 of the Dungeon
   672 | D:5      | Reached ** piety under Okawaru
   757 | D:6      | Reached skill level 7 in Axes
   796 | D:7      | Noticed Maggie
   822 | D:7      | Killed Maggie
   822 | D:7      | Reached skill level 8 in Axes
   822 | D:7      | Reached skill level 5 in Invocations
   822 | D:7      | Reached XP level 7. HP: 61/61 MP: 7/9
   861 | D:7      | Found Ytaclih's Jewellery Shop.
   864 | D:7      | Reached *** piety under Okawaru
   887 | D:7      | Noticed a wyvern
   888 | D:7      | Noticed a slime creature
   895 | D:7      | Noticed a yak
   897 | D:7      | Killed a slime creature
   897 | D:7      | Reached skill level 9 in Axes
   897 | D:7      | Reached XP level 8. HP: 56/68 MP: 5/7
   925 | D:7      | Reached skill level 10 in Axes
   932 | D:7      | Got a pitted cloak
   938 | D:7      | Identified the +0 cloak of the Soldier {MR+ Dex+2 Slay+3}
                  | (You found it on level 7 of the Dungeon)
   939 | D:7      | Got a vibrating ivory ring
   940 | D:7      | Identified the ring of the Republic {+Fly rPois MR+ MP+9}
                  | (You found it on level 7 of the Dungeon)
   955 | D:7      | Noticed Menkaure
   962 | D:7      | Killed Menkaure
   962 | D:7      | Reached **** piety under Okawaru
  1084 | D:7      | Gained mutation: You passively map the area around you.
                  | [Deep Dwarf growth]
  1084 | D:7      | Reached XP level 9. HP: 45/74 MP: 9/9
  1084 | D:7      | Reached skill level 11 in Axes
  1202 | D:8      | Reached skill level 12 in Axes
  1234 | D:9      | Found a staircase to the Orcish Mines.
  1271 | D:9      | Found a hazy altar of Hepliaklqana.
  1339 | D:9      | Reached ***** piety under Okawaru
  1357 | D:9      | Noticed a troll
  1365 | D:9      | Killed a troll
  1379 | D:10     | Entered Level 10 of the Dungeon
  1383 | D:10     | Noticed a two-headed ogre
  1386 | D:10     | Found a staircase to the Lair.
  1388 | D:10     | Reached skill level 13 in Axes
  1390 | D:10     | Killed a two-headed ogre
  1390 | D:10     | Reached XP level 10. HP: 67/85 MP: 8/8
  1392 | D:10     | Reached skill level 5 in Shields
  1397 | D:10     | Noticed Harold
  1401 | D:10     | Received a gift from Okawaru
  1414 | D:10     | Killed Harold
  1414 | D:10     | Reached skill level 5 in Fighting
  1455 | Lair:1   | Entered Level 1 of the Lair of Beasts
  1473 | Lair:1   | Noticed a black mamba
  1480 | Lair:1   | Killed a black mamba
  1555 | Lair:2   | Noticed a spiny frog
  1565 | Lair:2   | Killed a spiny frog
  1565 | Lair:2   | Reached skill level 1 in Evocations
  1576 | Lair:2   | Noticed a spiny frog
  1585 | Lair:2   | Killed a spiny frog
  1585 | Lair:2   | Received a gift from Okawaru
  1663 | Lair:3   | Noticed a spiny frog
  1691 | Lair:3   | Killed a spiny frog
  1715 | Lair:3   | Noticed a merfolk siren
  1730 | Lair:3   | Killed a merfolk siren
  1736 | Lair:3   | Found a staircase to the Shoals.
  1740 | Shoals:1 | Entered Level 1 of the Shoals
  1757 | Shoals:1 | Noticed a manticore
  1766 | Shoals:1 | Killed a manticore
  1766 | Shoals:1 | Reached XP level 11. HP: 60/99 MP: 8/8
  1769 | Shoals:1 | Noticed a merfolk aquamancer
  1782 | Shoals:1 | Killed a merfolk aquamancer
  1788 | Shoals:1 | Reached skill level 5 in Evocations
  1797 | Shoals:1 | Noticed a merfolk javelineer
  1809 | Shoals:1 | Killed a merfolk javelineer
  1888 | Shoals:1 | Noticed a sea snake
  1897 | Shoals:1 | Killed a sea snake
  1909 | Shoals:2 | Noticed a merfolk impaler
  1924 | Shoals:2 | Killed a merfolk impaler
  1941 | Shoals:2 | Reached skill level 10 in Shields
  1972 | Shoals:2 | Found a frozen archway.
  2002 | IceCv    | Entered an ice cave
  2033 | IceCv    | Reached ****** piety under Okawaru
  2033 | IceCv    | Received a gift from Okawaru
  2033 | IceCv    | Reached skill level 10 in Evocations
  2033 | IceCv    | Reached XP level 12. HP: 52/110 MP: 8/8
  2034 | IceCv    | Got a jewelled broad axe {god gift}
  2035 | IceCv    | Identified the +2 broad axe "Nosoj" {flame, rElec rPois
                  | Int+4 SInv} (Okawaru gifted it to you in an ice cave)
  2118 | IceCv    | Demolished by an eight-headed hydra simulacrum

Levels and vault maps discovered:
D:1:      nzn_arrival_depleted_hourglass, layout_rooms
D:2:      layout_loops_ring, lemuel_doored_altar, vehumet_crystals, minitemple,
          uniq_jessica
D:3:      layout_basic, elyvilon_altar_1, chequers_ecumenical_altar_grove,
          fedhas_altar_1
D:4:      layout_cave_pools, minmay_temple_entry_water_ring, first_ration,
          kennysheep_nub, uniq_crazy_yiuf_cottage
D:5:      layout_loops_corners, kennysheep_mini_moat, basic_altar,
          lightli_sewer_entry_pipes
D:6:      layout_loops_ring
D:7:      minmay_the_grid_triangle_9x9_recursive_2
          [minmay_the_grid_triangle_9x9_prize_schism,
          minmay_the_grid_triangle_9x9_dagger,
          minmay_the_grid_triangle_9x9_intruding_spiral,
          minmay_the_grid_triangle_9x9_sprig], layout_basic,
          nicolae_overflow_crystal_walls, serial_shops, shop, the_bakery,
          uniq_menkaure, uniq_maggie
D:8:      cheibrodos_grave_circle, layout_loops_ring, chequers_big_river
D:9:      layout_basic, overflow_temple_1_default, kennysheep_mini,
          nicolae_overflow_hidden_temple, orc_0_dummy, uniq_gastronok
D:10:     layout_rooms, due_lair_maze_entry_diamond, serial_shops,
          nicolae_shop_behind_doors, serial_curves, eino_curves_03,
          eino_curves_03, eino_curves_01, eino_curves_01, uniq_harold
Lair:1:   layout_gridlike, special_room [special_room_bee],
          cheibrodos_lair_caveside_slide, nicolae_quartered_pool_medium
Lair:2:   layout_cave_pods, basic_altar, chequers_serial_rivers_micro_b
Lair:3:   gammafunk_lair_enchanted_lake, layout_regular_city,
          minmay_shoals_entry_lonely_mermaid
Shoals:1: layout_shoals, ebering_ghost_reflecting_pool
Shoals:2: layout_shoals, portal_ice_cave_entry_pillars_1
IceCv:    ice_cave_caverns_03

Skill      XL: |  1  2  3  4  5  6  7  8  9 10 11 12 |
---------------+-------------------------------------+-----
Axes           | 3 4 5 6 8 9 10 13 | 13.0
Invocations    | 2 3 5 6 8 |  8.0
Fighting       | 3 6 8 |  8.1
Shields        | 4 8 10 | 10.0
Evocations     | 4 10 11 | 11.3
Armour         | |  3.2

Action                   |  1- 3 |  4- 6 |  7- 9 | 10-12 || total
-------------------------+-------+-------+-------+-------++-------
Melee: War axe           |    65 |   111 |    10 |       ||   186
       Broad axe         |       |       |   128 |   205 ||   333
Throw: Dart              |       |       |       |    13 ||    13
Invok: Heroism           |       |     1 |     2 |     6 ||     9
       Finesse           |       |       |       |     2 ||     2
 Abil: Heal Wounds       |     1 |     5 |     9 |    25 ||    40
Evoke: Wand              |       |       |       |     1 ||     1
  Use: Scroll            |       |       |     8 |     5 ||    13
       Potion            |       |       |       |     1 ||     1
  Eat: Chunk             |       |       |     2 |     2 ||     4
       Ration            |       |       |       |     1 ||     1
Armor: Scale mail        |    49 |    54 |    55 |    42 ||   200
Dodge: Dodged            |    27 |    46 |    41 |    68 ||   182
Block: Kite shield       |    54 |    74 |    76 |   122 ||   326

Table legend:
 A = Non-vault XP
 B = Vault XP
 C = Vault XP percentage of total XP
 D = Non-vault monster count
 E = Vault monster count
 F = Vault count percentage of total count
                 A         B        C        D         E       F
            +---------+---------+-------+---------+---------+-------
      Total |   15906 |    8463 |  34.7 |     126 |      44 |  25.9
            +---------+---------+-------+---------+---------+-------
        D:1 |      24 |       0 |   0.0 |      10 |       0 |   0.0
        D:2 |      84 |       0 |   0.0 |      17 |       0 |   0.0
        D:3 |      26 |       0 |   0.0 |       7 |       0 |   0.0
        D:4 |     324 |       0 |   0.0 |      15 |       0 |   0.0
        D:5 |      46 |       0 |   0.0 |       1 |       0 |   0.0
        D:6 |     102 |       0 |   0.0 |      10 |       0 |   0.0
        D:7 |     574 |    1712 |  74.9 |      13 |      13 |  50.0
        D:8 |     899 |       0 |   0.0 |      10 |       0 |   0.0
        D:9 |     736 |       0 |   0.0 |       9 |       0 |   0.0
       D:10 |     233 |    2817 |  92.4 |       3 |      10 |  76.9
     Lair:1 |    1081 |       0 |   0.0 |       4 |       0 |   0.0
     Lair:2 |    1358 |       0 |   0.0 |       5 |       0 |   0.0
     Lair:3 |     418 |     458 |  52.3 |       1 |       1 |  50.0
   Shoals:1 |    5338 |       0 |   0.0 |      12 |       0 |   0.0
   Shoals:2 |    4663 |       0 |   0.0 |       9 |       0 |   0.0
      IceCv |       0 |    3476 | 100.0 |       0 |      20 | 100.0
            +---------+---------+-------+---------+---------+-------
